 Seeded DCSS version 0.31-a0-986-g5e6e4ef867 (webtiles) character file.

Game seed: 10330998962624985796 (custom seed)

108870 Hubris850 the Spear-Bearer (level 16, -3/123 HPs)
             Began as a Merfolk Ice Elementalist on Nov 14, 2023.
             Was the Champion of the Shining One.
             Slain by a jumping spider (14 damage)
             ... on level 1 of the Spider Nest on Nov 15, 2023.
             The game lasted 01:48:10 (25592 turns).

Hubris850 the Spear-Bearer (MfIE)                  Turns: 25592, Time: 01:48:11

Health: -3/123     AC: 21    Str: 11    XL:     16   Next: 50%
Magic:  2/30       EV: 22    Int: 18    God:    the Shining One [******]
Gold:   1959       SH:  6    Dex: 19    Spells: 10/36 levels left

rFire   + . .        G - +10 lance "Wyrmbane" {slay drac, rPois rF+ rC+ AC+3}
rCold   + . .        r - +0 buckler
rNeg    + + +        K - +1 swamp dragon scales
rPois   +            B - +0 helmet
rElec   .            a - +2 cloak {rCorr}
rCorr   +            q - +2 pair of gloves {Dex+3}
SInv    .            s - +0 pair of boots
Will    ++...        I - amulet of regeneration
Stlth   ++           w - ring of willpower
HPRegen 1.20/turn    O - +5 ring of evasion
MPRegen 0.22/turn

%: no passive effects
@: about to teleport, very slightly contaminated, glowing
A: (nimble swimmer 2), mertail
a: Renounce Religion, Divine Shield, Cleansing Flame, Summon Divine Warrior,
Brand Weapon With Holy Wrath


You were on level 1 of the Spider Nest.
You worshipped the Shining One.
The Shining One was exalted by your worship.
You visited 5 branches of the dungeon, and saw 24 of its levels.
You also visited: Bailey.

You collected 2853 gold pieces.
You spent 894 gold pieces at shops.

Inventory:

Hand Weapons
 k - the +6 dagger "Kuagoppao" {freeze, Will+ Str+5 Int+2}
   (You found it on level 2 of the Dungeon)

   Str+5:     It affects your strength (+5).
   Int+2:     It affects your intelligence (+2).
   Will+:     It increases your willpower.
 G - the +10 lance "Wyrmbane" (weapon) {slay drac, rPois rF+ rC+ AC+3}
   (You took it off Maggie on level 6 of the Dungeon)

   AC+3:      It affects your AC (+3).
   rF+:       It protects you from fire.
   rC+:       It protects you from cold.
   rPois:     It protects you from poison
Missiles
 t - 25 boomerangs (quivered)
 L - 11 curare-tipped darts
 W - 6 silver javelins
Armour
 a - a +2 cloak of preservation (worn)
 q - a +2 pair of gloves of dexterity (worn)
 r - a +0 buckler (worn)
 s - a +0 pair of boots (worn)
 B - a +0 helmet (worn)
 K - +1 swamp dragon scales (worn)
Jewellery
 h - a ring of willpower
 w - a ring of willpower (left hand)
 I - an amulet of regeneration (around neck)
 O - a +5 ring of evasion (right hand)
Wands
 g - a wand of acid (2)
 p - a wand of iceblast (2)
 y - a wand of flame (49)
 D - a wand of paralysis (32)
 P - a wand of digging (9)
Scrolls
 d - 3 scrolls of teleportation
 e - 3 scrolls of blinking
 j - a scroll of enchant weapon
 z - 3 scrolls of revelation
 E - a scroll of fear
 H - 4 scrolls of silence
 M - a scroll of brand weapon
 R - a scroll of vulnerability
 X - a scroll of summoning
 Y - a scroll of poison
Potions
 b - 2 potions of magic
 c - 4 potions of curing
 f - 2 potions of haste
 i - a potion of cancellation
 m - a potion of attraction
 n - 4 potions of heal wounds
 o - a potion of enlightenment
 u - 2 potions of brilliance
 v - a potion of ambrosia
 x - a potion of invisibility
 Q - 4 potions of might
 T - 3 potions of resistance
 Z - a potion of berserk rage


   Skills:
 - Level 10.4 Fighting
 - Level 3.0 Short Blades
 - Level 12.0 Polearms
 - Level 6.0 Armour
 - Level 12.0 Dodging
 - Level 7.0 Stealth
 - Level 5.0 Shields
 - Level 10.9 Spellcasting
 - Level 2.0 Conjurations
 - Level 7.0 Hexes
 + Level 11.0 Summonings
 - Level 5.0 Translocations
 - Level 10.0 Ice Magic
 + Level 9.8 Invocations
 - Level 4.0 Evocations


You had 10 spell levels left.
You knew the following spells:

 Your Spells              Type           Power      Damage    Failure   Level
a - Slow                  Hex            100%       N/A       1%          1
b - Frozen Ramparts       Ice            90%        1d14      1%          3
c - Ozocubu's Armour      Ice            45%        N/A       1%          3
d - Summon Ice Beast      Ice/Summ       47%        N/A       2%          4
e - Summon Mana Viper     Hex/Summ       42%        N/A       14%         5
f - Iskenderun's Mystic   Conj/Tloc      22%        2d6       45%         4
g - Summon Cactus Giant   Summ           24%        N/A       34%         6

Your spell library contained the following spells:

 Spells                   Type           Power      Damage    Failure   Level
 Freeze                   Ice            100%       1d10      1%          1
 Confusing Touch          Hex            35%        N/A       3%          3
 Sigil of Binding         Hex            35%        N/A       3%          3
 Tukima's Dance           Hex            35%        N/A       3%          3
 Dazzling Flash           Conj/Hex       52%        N/A       11%         3
 Cause Fear               Hex            17%        N/A       12%         4
 Shock                    Conj/Air       52%        1d6       14%         1
 Dimensional Bullseye     Hex/Tloc       15%        N/A       19%         4
 Sting                    Tmut/Pois      36%        1d4       22%         1
 Animate Armour           Summ/Erth      58%        N/A       22%         4
 Summon Lightning Spire   Summ/Air       29%        N/A       22%         4
 Summon Forest            Summ/Tloc      19%        N/A       22%         5
 Cigotuvi's Dreadful Rot  Necr/Pois/Air  18%        N/A       32%         2
 Stone Arrow              Conj/Erth      26%        3d8       41%         3
 Swiftness                Air            9%         N/A       54%         3
 Vampiric Draining        Necr           9%         2d6       54%         3
 Brom's Barrelling Bould  Conj/Erth      13%        2d4       82%         4
 Silence                  Hex/Air        11%        N/A       82%         5
 Airstrike                Air            4%         2d(1-17)  91%         4
 Iskenderun's Battlesphe  Conj           17%        2d7       95%         5
 Agony                    Necr           9%         N/A       99%         5
 Fireball                 Conj/Fire      6%         3d5       99%         5
 Conjure Ball Lightning   Conj/Air       6%         3x3d6     100%        6
 Plasma Beam              Fire/Air       4%         2x1d14    100%        6
 Orb of Destruction       Conj           8%         9d6       100%        7
 Lehudib's Crystal Spear  Conj/Erth      6%         10d3      100%        8
 Maxwell's Capacitive Co  Air            4%         ∞         100%        8
 Dragon's Call            Summ           24%        N/A       100%        9


Dungeon Overview and Level Annotations

Branches:
Dungeon (15/15)            Temple (1/1) D:7            Lair (5/5) D:8
 Shoals (0/4) Lair:2       Spider (1/4) Lair:3        Slime (0/5) Lair:5
    Orc (2/2) D:10            Elf (0/3) Orc:2        Vaults (0/5) D:14
 Depths (0/4) D:15         Bailey (visited)

Altars:
Ashenzari
Cheibriados
Dithmenos
Elyvilon
Fedhas
Gozag
Hepliaklqana
Kikubaaqudgha
Makhleb
Nemelex Xobeh
Okawaru
Qazlal
Ru
Sif Muna
Trog
Uskayaw
Vehumet
Wu Jian
Xom
Yredelemnul
Zin
The Shining One
Jiyva
Lugonu

Shops:
D:3 (:?   D:5 [   Orc:2 *=[*

Portals:
Trove: D:13 (give 8 potions of haste)

Annotations:
D:5 exclusion: oklob plant
D:8 2 transporters


Innate Abilities, Weirdness & Mutations

((You are very nimble when in or above water. (Stealth+, EV+, Speed+++)))
Your lower body shifts to a powerful aquatic tail in water.


Message History

The orb spider pulsates with a strange energy.
The jumping spider pounces on you.
* * * LOW HITPOINT WARNING * * *
The jumping spider bites you but does no damage.
Okay, then.
You feel much better. The wolf spider simulacrum misses you.
You block the wolf spider simulacrum's attack.
The jumping spider leaps!
The jumping spider completely misses you.
The jumping spider bites you but does no damage.
The orb spider weaves a glowing orb of energy.
An orb of destruction comes into view.
The jumping spider leaps!
The jumping spider completely misses you.
The jumping spider bites you but does no damage.
The wolf spider simulacrum barely misses you.
The wolf spider simulacrum completely misses you.
The wavering orb of destruction hits you!!
* * * LOW HITPOINT WARNING * * *
As you read the scroll of teleportation, it crumbles to dust.
You feel strangely unstable. The jumping spider barely misses you.
The jumping spider completely misses you.
The wolf spider simulacrum hits you but does no damage.
The wolf spider simulacrum bites you but does no damage.
Found a potion of magic.
The jumping spider leaps!
The jumping spider completely misses you.
The jumping spider bites you but does no damage.
You block the jumping spider's attack. x2
The orb spider spins a strand of pure energy.
The wolf spider simulacrum completely misses you.
The wolf spider simulacrum closely misses you.
You block the jumping spider's attack. The jumping spider closely misses you.
The jumping spider attacks as it pursues you!
The jumping spider completely misses you.
The jumping spider bites you but does no damage.
The orb spider weaves a glowing orb of energy.
The wavering orb of destruction weakly hits you!
* * * LOW HITPOINT WARNING * * *
The jumping spider pounces on you!
You die...

#####
###...##
####..°!..##
..........^#
#.........#
#^........#
#.......$#
#....s@#
#.^..ss#
#.....Z#
###....#
#....#
#....#
#....#
##...##
#....#


You could see an orb spider, 2 jumping spiders and a wolf spider simulacrum.

Vanquished Creatures
  Jorgrun (D:10)
  Louise (D:14)
  An orc warlord (Orc:2)
  A stone giant (D:15)
  Snorg (D:12)
  Josephine (D:14)
  4 hydras
  5 vault guards (D:14)
  A jorogumo (Spider:1)
  Fannar (D:12)
  Harold (Orc:1)
  An ice dragon (Lair:4)
  3 catoblepae
  7 two-headed ogres
  3 boulder beetles
  3 centaur warriors (D:15)
  3 death yaks (Lair:5)
  A deep troll shaman (Lair:5)
  A demonic crawler (Spider:1)
  Sonja (Lair:1)
  An orc high priest (Orc:2)
  Urug (Orc:2)
  4 skeletal warriors
  A skyshark (Lair:5)
  Lodul (D:14)
  2 pharaoh ants (Spider:1)
  An orb spider (Spider:1)
  A deep elf archer (D:14)
  A lindwurm (Lair:5)
  7 wolf spiders (Spider:1)
  3 deep elf pyromancers
  5 orc knights
  6 cyclopes
  2 orc sorcerers
  3 black mambas
  5 nameless horrors
  7 cane toads
  9 elephants
  4 torpor snails
  An unseen horror (D:12)
  Maggie (D:6)
  4 kobold demonologists
  A rime drake (Lair:5)
  Psyche (D:12)
  6 yaktaurs
  13 komodo dragons
  A tengu conjurer (D:13)
  An efreet (D:14)
  A polar bear (Lair:5)
  4 trolls
  2 hornets (D:9)
  3 tarantellas (Spider:1)
  2 merfolk (Lair:2)
  17 blink frogs
  7 dream sheep (Lair:4)
  2 centaur simulacra (D:14)
  9 slime creatures
  8 jumping spiders
  A shadow (D:12)
  6 wyverns
  75 yaks
  A culicivora (Lair:3)
  A vampire (D:9)
  A wraith (D:14)
  Eustachio (D:6)
  4 basilisks
  A redback simulacrum (D:15)
  8 vampire mosquitoes
  7 redbacks
  A steam dragon (D:8)
  The ghost of Hubris850 the Chiller, an amateur MfIE (D:4)
  2 wargs
  Menkaure (D:5)
  2 acid dragons
  19 water moccasins
  2 hell hounds (D:13)
  24 orc warriors
  3 black bears
  An ice beast (D:4)
  15 ogres
  14 wolves
  6 centaurs (D:11)
  10 kobold brigands
  2 gnoll sergeants
  4 scorpions
  17 bullfrogs
  Blork the orc (D:6)
  18 wights
  10 killer bees
  2 electric eels (Lair:2)
  4 howler monkeys
  10 orc priests
  4 hounds (D:5)
  3 jellies
  A gnoll bouda (D:10)
  A sleepcap (D:5)
  Ijyb (D:5)
  15 orc wizards
  6 iguanas
  4 hell rats (Lair:4)
  4 adders
  16 gnolls
  4 white imps
  2 worms
  3 dart slugs
  48 orcs
  6 endoplasms
  2 giant cockroaches (D:2)
  6 goblins
  9 hobgoblins
  2 jackals (D:4)
  3 quokkas
  4 ball pythons
  7 bats
  3 frilled lizards
  48 kobolds
666 creatures vanquished.

Vanquished Creatures (collateral kills)
  Mlioglotl (Spider:1)
  Azrael (D:13)
  An ogre mage (D:14)
  A centaur warrior (D:13)
  Erica (Orc:1)
  A hydra (D:15)
  A two-headed ogre (Orc:1)
  A death knight (D:13)
  2 tengu warriors (D:15)
  A demonic crawler (Spider:1)
  A pharaoh ant (Spider:1)
  An orc knight (Orc:2)
  2 orc sorcerers
  An elephant (Lair:2)
  An unseen horror (D:13)
  An efreet (D:15)
  A rime drake (Lair:5)
  A yaktaur (D:14)
  A tarantella (Spider:1)
  2 trolls
  3 blink frogs (Lair:5)
  A jumping spider (Spider:1)
  A yak (Lair:1)
  2 wraiths (D:14)
  A fire elemental (D:13)
  3 redbacks (Spider:1)
  2 vampire mosquitoes (D:13)
  A hell hound (D:13)
  3 orc warriors
  3 ogres
  4 orc priests
  5 orc wizards
  8 orcs
60 creatures vanquished.

Vanquished Creatures (others)
  4 starspawn tentacles (Spider:1)
4 creatures vanquished.

Grand Total: 730 creatures vanquished

Notes
Turn   | Place    | Note
-------+----------+-------------------------------------------
     0 | D:1      | Hubris850 the Merfolk Ice Elementalist began the quest for
                  | the Orb.
     0 | D:1      | Reached XP level 1. HP: 13/13 MP: 3/3
   619 | D:1      | Reached XP level 2. HP: 17/20 MP: 0/5
   822 | D:2      | Identified the +6 dagger "Kuagoppao" {freeze, Will+ Str+5
                  | Int+2}
  1135 | D:2      | Reached skill level 1 in Short Blades
  1257 | D:2      | Reached skill level 1 in Fighting
  1444 | D:2      | Found a faded altar of an unknown god.
  1682 | D:2      | Reached XP level 3. HP: 24/26 MP: 6/6
  2141 | D:3      | Reached XP level 4. HP: 25/33 MP: 7/7
  2323 | D:3      | Found Vaulelo's Magic Scroll Shoppe.
  2442 | D:3      | Found Giblul's Weapon Boutique.
  2455 | D:3      | Bought 5 boomerangs for 120 gold pieces
  2520 | D:3      | Found Testamme's Book Emporium.
  2656 | D:4      | Noticed a scorpion
  2663 | D:4      | Killed a scorpion
  2664 | D:4      | Reached XP level 5. HP: 39/39 MP: 8/8
  2723 | D:4      | Found an ornate altar of the Wu Jian Council.
  2759 | D:4      | Found a shadowy altar of Dithmenos.
  2951 | D:4      | Found a runed translucent gate.
  2951 | D:4      | Found a runed translucent gate.
  2951 | D:4      | Found a runed translucent gate.
  3056 | D:4      | Noticed an orc warrior
  3057 | D:4      | Noticed Hubris850's ghost (amateur MfIE)
  3057 | D:4      | Identified the +1 leather armour of Dangucup {rPois}
  3256 | D:4      | Reached XP level 6. HP: 48/48 MP: 9/9
  3260 | D:4      | Learned a level 3 spell: Frozen Ramparts
  3264 | D:4      | Learned a level 3 spell: Ozocubu's Armour
  3378 | D:4      | Found a sacrificial altar of Ru.
  3407 | D:4      | Noticed an ice beast
  3415 | D:4      | Killed an ice beast
  3508 | D:5      | Entered Level 5 of the Dungeon
  3538 | D:5      | Reached skill level 5 in Ice Magic
  3570 | D:5      | Noticed Ijyb
  3579 | D:5      | Killed Ijyb
  3589 | D:5      | Reached XP level 7. HP: 43/54 MP: 11/11
  3617 | D:5      | Identified the +0 whip of Law {pain, rC- Int+6}
  4094 | D:5      | Reached skill level 5 in Polearms
  4403 | D:5      | Found Rimm's Armour Emporium.
  4498 | D:5      | Reached XP level 8. HP: 52/60 MP: 12/12
  4674 | D:5      | Noticed Menkaure
  4682 | D:5      | Killed Menkaure
  4733 | D:5      | Found a blossoming altar of Fedhas.
  4747 | D:5      | Noticed an oklob plant
  5469 | D:6      | Noticed Blork the orc
  5477 | D:6      | Killed Blork the orc
  5478 | D:6      | Reached skill level 10 in Polearms
  5497 | D:6      | Found a glowing silver altar of Zin.
  5497 | D:6      | Noticed an angel
  5642 | D:6      | Noticed Maggie
  5653 | D:6      | Killed Maggie
  5654 | D:6      | Reached XP level 9. HP: 65/65 MP: 13/13
  5689 | D:6      | Noticed a kobold demonologist
  5875 | D:6      | Noticed Eustachio
  5882 | D:6      | Killed Eustachio
  6145 | D:6      | Noticed a kobold demonologist
  6167 | D:6      | Noticed a hellwing
  6167 | D:6      | Killed a kobold demonologist
  6171 | D:6      | Reached skill level 1 in Armour
  6182 | D:6      | Noticed an orange demon
  6182 | D:6      | Killed a kobold demonologist
  6183 | D:6      | Reached skill level 5 in Dodging
  6348 | D:7      | Reached skill level 5 in Fighting
  6386 | D:7      | Found a staircase to the Ecumenical Temple.
  6407 | Temple   | Entered the Ecumenical Temple
  6426 | Temple   | Became a worshipper of the Shining One
  6682 | D:7      | Reached XP level 10. HP: 74/76 MP: 14/14
  6964 | D:8      | Identified the "Yfes"
  7049 | D:8      | Noticed a two-headed ogre
  7052 | D:8      | Reached * piety under the Shining One
  7095 | D:8      | Killed a two-headed ogre
  7096 | D:8      | Reached skill level 5 in Spellcasting
  7101 | D:8      | Learned a level 4 spell: Summon Ice Beast
  7139 | D:8      | Found a staircase to the Lair.
  7161 | D:8      | Reached skill level 1 in Summonings
  7201 | D:8      | Found an iron altar of Okawaru.
  7203 | D:8      | Noticed a centaur warrior
  7205 | D:8      | Found a transporter.
  7215 | D:8      | Found a transporter.
  7262 | D:8      | Found a stormy altar of Qazlal.
  7313 | D:8      | Noticed a two-headed ogre
  7326 | D:8      | Killed a two-headed ogre
  7406 | D:8      | Found a shimmering blue altar of Sif Muna.
  7481 | D:8      | Found an ancient bone altar of Kikubaaqudgha.
  7488 | D:8      | Found a burning altar of Makhleb.
  7497 | D:8      | Found an opulent altar of Gozag.
  7504 | D:8      | Found a snail-covered altar of Cheibriados.
  7510 | D:8      | Found a basalt altar of Yredelemnul.
  7521 | D:8      | Found a white marble altar of Elyvilon.
  7529 | D:8      | Found a shimmering altar of Xom.
  7642 | D:8      | Reached XP level 11. HP: 81/81 MP: 18/20
  7854 | D:9      | Reached ** piety under the Shining One
  7869 | D:9      | Found a flagged portal.
  7915 | Bailey   | Entered a bailey
  8024 | Bailey   | Noticed an orc knight
  8032 | Bailey   | Identified the +4 chain mail "Hiossyxt" {Regen+}
  8049 | Bailey   | Killed an orc knight
  8120 | Bailey   | Found an iron altar of Okawaru.
  8296 | D:9      | Identified the +3 scale mail "Lammaus" {Will+}
  8330 | D:9      | Reached skill level 5 in Summonings
  8768 | D:4      | Killed Hubris850's ghost
  8902 | Lair:1   | Identified the "Sucar"
  8902 | Lair:1   | Entered Level 1 of the Lair of Beasts
  9289 | Lair:1   | Noticed Sonja
  9303 | Lair:1   | Killed Sonja
  9304 | Lair:1   | Reached skill level 10 in Ice Magic
  9327 | Lair:1   | Reached skill level 1 in Invocations
  9327 | Lair:1   | Reached skill level 1 in Evocations
  9343 | Lair:1   | Reached XP level 12. HP: 66/88 MP: 11/23
  9733 | Lair:1   | Noticed a catoblepas
  9758 | Lair:1   | Killed a catoblepas
  9759 | Lair:1   | Reached skill level 5 in Invocations
 10214 | Lair:2   | Reached *** piety under the Shining One
 10367 | Lair:2   | Found a staircase to the Shoals.
 10443 | Lair:2   | Noticed a catoblepas
 10560 | Lair:2   | Killed a catoblepas
 10601 | Lair:2   | Noticed a five-headed hydra
 10616 | Lair:2   | Killed a five-headed hydra
 10701 | Lair:2   | Reached XP level 13. HP: 89/99 MP: 22/26
 11477 | Lair:3   | Found a hole to the Spider Nest.
 11636 | Lair:3   | Identified the +7 chain mail of Wanougeu {SInv}
 12049 | Lair:4   | Reached skill level 10 in Spellcasting
 12246 | Lair:4   | Reached **** piety under the Shining One
 12381 | Lair:4   | Reached skill level 10 in Fighting
 12753 | Lair:4   | Noticed an ice dragon
 12767 | Lair:4   | Killed an ice dragon
 12906 | Lair:5   | Entered Level 5 of the Lair of Beasts
 13268 | Lair:5   | Reached skill level 5 in Stealth
 13421 | Lair:5   | Reached skill level 5 in Armour
 13713 | Lair:5   | Reached XP level 14. HP: 111/111 MP: 28/28
 13903 | Lair:5   | Reached skill level 10 in Dodging
 13929 | Lair:5   | Reached ***** piety under the Shining One
 14189 | Lair:5   | Found a viscous altar of Jiyva.
 14189 | Lair:5   | Found a staircase to the Slime Pits.
 14781 | D:10     | Entered Level 10 of the Dungeon
 14943 | D:10     | Found a staircase to the Orcish Mines.
 15313 | D:10     | Found a bloodstained altar of Trog.
 15926 | D:11     | Reached skill level 1 in Conjurations
 17135 | D:3      | Bought a scroll of acquirement for 572 gold pieces
 17135 | D:3      | Acquired a +1 pair of gloves of dexterity
 17643 | D:12     | Noticed Psyche
 17646 | D:12     | Noticed Fannar
 17783 | D:12     | Killed Fannar
 17789 | D:12     | Killed Psyche
 18008 | D:12     | Learned a level 1 spell: Slow
 18014 | D:12     | Learned a level 5 spell: Summon Mana Viper
 18185 | D:12     | Reached skill level 1 in Shields
 18185 | D:12     | Reached skill level 1 in Hexes
 18285 | D:13     | Noticed Snorg
 18314 | D:12     | Killed Snorg
 18395 | D:12     | Reached XP level 15. HP: 54/117 MP: 17/29
 18653 | Orc:1    | Entered Level 1 of the Orcish Mines
 18653 | Orc:1    | Noticed Jorgrun
 18653 | Orc:1    | Noticed Erica
 18665 | Orc:1    | Killed Erica
 18684 | D:10     | Killed Jorgrun
 18909 | Orc:1    | Learned a level 4 spell: Iskenderun's Mystic Blast
 18989 | Orc:1    | Noticed Harold
 19009 | Orc:1    | Killed Harold
 19217 | Orc:2    | Entered Level 2 of the Orcish Mines
 19321 | Orc:2    | Found Acarhov's Alliterative Armaments.
 19374 | Orc:2    | Found a staircase to the Elven Halls.
 19475 | Orc:2    | Noticed Urug
 19496 | Orc:2    | Killed Urug
 19516 | Orc:2    | Reached skill level 1 in Translocations
 19925 | Orc:2    | Noticed an orc warlord
 19951 | Orc:2    | Killed an orc warlord
 19990 | Orc:2    | Reached ****** piety under the Shining One
 20209 | Orc:2    | Found Adiupt's Antique Armour Shop.
 20213 | Orc:2    | Found Kutolox's Jewellery Shop.
 20421 | Orc:2    | Found Rumen's General Store.
 20459 | Orc:2    | Bought a runed cloak for 202 gold pieces
 20526 | Orc:2    | Found Gextul's Antique Weapon Shop.
 21415 | D:13     | Noticed Azrael
 21420 | D:13     | Killed Azrael
 21421 | D:13     | Reached skill level 5 in Hexes
 21423 | D:13     | Reached skill level 5 in Shields
 21582 | D:13     | Found a portal to a secret trove of treasure.
 21956 | D:14     | Noticed Josephine
 21956 | D:14     | Noticed Louise
 21973 | D:14     | Killed Josephine
 22150 | D:14     | Killed Louise
 22810 | D:14     | Noticed Lodul
 22832 | D:14     | Killed Lodul
 23372 | D:14     | Found a gate to the Vaults.
 23506 | D:15     | Entered Level 15 of the Dungeon
 23676 | D:15     | Reached XP level 16. HP: 92/123 MP: 30/30
 23690 | D:15     | Reached skill level 10 in Summonings
 24185 | D:15     | Found a staircase to the Depths.
 24295 | D:15     | Found a corrupted altar of Lugonu.
 24806 | Spider:1 | Entered Level 1 of the Spider Nest
 24920 | Spider:1 | Noticed Mlioglotl
 24922 | Spider:1 | Noticed a tentacled starspawn
 24938 | Spider:1 | Killed Mlioglotl
 25291 | Spider:1 | Reached skill level 5 in Translocations
 25477 | Spider:1 | Learned a level 6 spell: Summon Cactus Giant
 25592 | Spider:1 | Slain by a jumping spider

Illustrated notes

Levels and vault maps discovered:
D:1:      dpeg_arrival_arbitrary_c, layout_loops_corners
D:2:      layout_basic, shapermc_ecumenical_altar_totnotflames
D:3:      layout_rooms, serial_shops, shop, shop, nicolae_shop_rolled_up,
          minmay_misc_feat_square, minmay_misc_feat_nine_boxes
D:4:      layout_rooms, nicolae_dithmenos_shadow_blocks,
          nicolae_wu_jian_wuxing_cycle, nicolae_ru_the_path_less_chosen,
          biasface_ghost_orc_armoury, serial_corexii_hall,
          corexii_hall_statues_l, corexii_hall_statues_t,
          chequers_hall_statues_corner_a, corexii_hall_statues_x
D:5:      kennysheep_kobold_camp, layout_loops_cross, tgw_fedhas, serial_shops,
          kennysheep_mini, uniq_ijyb, uniq_menkaure
D:6:      layout_basic, zin_angel, cheibrodos_sewer_entry_bend, uniq_eustachio,
          uniq_blork_the_orc, uniq_maggie
D:7:      layout_basic, minmay_temple_entry_grid
D:8:      layout_rooms, gammafunk_temple_overflow_arena, led_sif_book,
          grunt_temple_overflow_octagram, lemuel_round_altar,
          minmay_lair_entry_grove, abandoned_shop, kennysheep_generic_room_4
D:9:      layout_basic, enter_bailey_8
D:10:     layout_basic, trog_hazing_becter, orc_0_dummy
D:11:     layout_layer_cave
D:12:     layout_loops_ring, uniq_fannar, uniq_psyche
D:13:     layout_rooms, nicolae_trove_entry_crystal, uniq_azrael, uniq_snorg
D:14:     layout_gridville, grunt_vaults_entry_fortified, serial_park_paths
          [serial_park_minivault_5x5_4], uniq_louise, uniq_josephine, uniq_lodul
D:15:     grunt_enter_depths_snipers, layout_irregular_city, tgw_lugonu_bribe
Temple:   hellmonk_temple_beads
Lair:1:   layout_chaotic_city, grunt_megastairs_2, uniq_sonja
Lair:2:   layout_chaotic_city, elwin_shoals_entry_rooms,
          hangedman_lair_unloving_vines, nicolae_lair_grazing_beasts
          [nicolae_sub_lair_graze_edge, nicolae_sub_lair_graze_edge,
          nicolae_sub_lair_graze_edge, nicolae_sub_lair_graze_edge],
          infiniplex_staircase_pool
Lair:3:   layout_loops_ring, nicolae_spider_entry_tight_spaces, minivault_11
Lair:4:   layout_long_grid, bobbens_ice_dragon_lair
Lair:5:   grunt_lair_end_beastmaster, layout_loops_ring, slime_entry_1,
          nicolae_lair_grove_arrangements
Spider:1: layout_cave_pods, hangedman_spider_tarantella_strand, uniq_mlioglotl
Orc:1:    layout_caves, uniq_jorgrun, uniq_erica, uniq_harold
Orc:2:    grunt_orc_cross, layout_diamond_mine, monkooky_shop_alliterative

Skill      XL: |  1  2  3  4  5  6  7  8  9 10 11 12 13 14 15 16 |
---------------+-------------------------------------------------+-----
Dodging        | 3 4 6 8 12 | 12.0
Short Blades   | 1 2 3 |  3.0
Fighting       | 1 2 3 4 6 8 10 | 10.4
Stealth        | 3 4 5 7 |  7.0
Ice Magic      | 5 8 10 | 10.0
Spellcasting   | 3 6 7 9 10 | 10.9
Polearms       | 6 11 12 | 12.0
Armour         | 3 4 5 6 |  6.0
Summonings     | 3 6 8 9 11 | 11.0
Invocations    | 2 7 8 9 |  9.8
Evocations     | 2 4 |  4.0
Conjurations   | 2 |  2.0
Shields        | 2 5 |  5.0
Hexes          | 2 6 7 |  7.0
Translocations | 3 5 |  5.0

Action                     |  1- 3 |  4- 6 |  7- 9 | 10-12 | 13-15 | 16-18 || total
---------------------------+-------+-------+-------+-------+-------+-------++-------
  Melee: Unarmed           |     5 |       |       |       |       |       ||     5
         Dagger            |    38 |    77 |   123 |       |       |       ||   238
         Punch             |       |     1 |     4 |    16 |    21 |       ||    42
         Lance             |       |       |   105 |   834 |  1877 |   265 ||  3081
         Tailslap          |       |       |     3 |     5 |       |       ||     8
  Throw: Boomerang         |       |    20 |    39 |     7 |    41 |       ||   107
         Dart              |       |       |     3 |       |     9 |       ||    12
         Javelin           |       |       |     1 |       |     2 |     2 ||     5
   Cast: Freeze            |    14 |       |       |       |       |       ||    14
         Frozen Ramparts   |       |       |       |     6 |    15 |     4 ||    25
         Ozocubu's Armour  |       |       |       |     6 |    14 |     3 ||    23
         Summon Ice Beast  |       |       |       |     2 |    28 |     7 ||    37
         Summon Mana Viper |       |       |       |       |    16 |     3 ||    19
         Summon Cactus Gia |       |       |       |       |       |     1 ||     1
 Invoke: Divine Shield     |       |       |       |     1 |     1 |       ||     2
         Cleansing Flame   |       |       |       |       |     1 |     1 ||     2
         Summon Divine War |       |       |       |       |     1 |     1 ||     2
  Evoke: Wand              |       |     4 |     7 |     5 |    20 |       ||    36
    Use: Potion            |       |       |     3 |     6 |     5 |     2 ||    16
         Scroll            |       |       |     1 |     7 |    16 |     7 ||    31
   Stab: Sleeping          |     4 |     5 |     5 |       |       |       ||    14
         Paralysed         |       |       |     2 |       |       |       ||     2
 Armour: Leather armour    |    20 |    27 |    80 |       |       |       ||   127
         Robe              |     2 |       |       |       |       |       ||     2
         Swamp dragon scal |       |       |    20 |   245 |   575 |   172 ||  1012
  Dodge: Dodged            |    23 |    27 |    88 |   309 |   838 |   228 ||  1513
  Block: Other             |       |       |       |     6 |       |       ||     6
         Buckler           |       |       |       |       |   135 |    66 ||   201

Table legend: (Time is in decaauts)
 A = Elapsed time spent in this place.
 B = Non-inter-level travel time spent in this place.
 C = Inter-level travel time spent in this place.
 D = Time resting spent in this place.
 E = Time spent auto-exploring this place.
 F = Levels seen in this place.
 G = Mean time per level.
                   A        B        C        D        E       F      G
               +--------+--------+--------+--------+--------+-----+--------+
         Total |  24136 |  21716 |   2420 |   2814 |  13264 |  25 |  965.4 |
       Dungeon |  15847 |  13878 |   1969 |   1643 |   9148 |  15 | 1056.5 |
        Temple |     38 |      1 |     37 |      0 |      0 |   1 |   38.0 |
          Lair |   5375 |   5044 |    331 |    531 |   3132 |   5 | 1075.0 |
   Spider Nest |    707 |    707 |      0 |     95 |    352 |   1 |  707.0 |
  Orcish Mines |   1969 |   1888 |     81 |    518 |    632 |   2 |  984.5 |
        Bailey |    197 |    197 |      0 |     27 |      0 |   1 |  197.0 |
               +--------+--------+--------+--------+--------+-----+--------+

Top non-repeatable levels by time:
    D:11: 1908 daAuts
     D:5: 1747 daAuts
  Lair:5: 1458 daAuts
   Orc:2: 1452 daAuts
    D:14: 1343 daAuts
    D:12: 1259 daAuts
  Lair:2: 1163 daAuts
     D:6: 1127 daAuts
  Lair:1: 1059 daAuts
     D:1: 1054 daAuts
    D:15: 1009 daAuts
     D:2: 1004 daAuts
     D:4: 996 daAuts
    D:10: 908 daAuts
  Lair:4: 900 daAuts
